 Dungeon Sprint DCSS version 0.24.0-125-gc4c63601f3 (webtiles) character file.

Game seed: 3888940001779743646, levelgen mode: deterministic

1879 Groucho the Unseen (level 9, -5/87 HPs)
             Began as a Tengu Berserker on Mar 18, 2020.
             Was a Priest of Trog.
             Slain by a deep troll (20 damage)
             ... in the Dungeon (Sprint I: "Red Sonja").
             The game lasted 00:03:20 (700 turns).

Groucho the Unseen (Tengu Berserker)                 Turns: 700, Time: 00:03:21

Health: -5/87      AC:  2    Str: 22    XL:     9   Next: 14%
Magic:  9/10       EV: 18    Int:  9    God:    Trog [***...]
Gold:   456        SH:  0    Dex: 16    Spells: 8/8 levels left

rFire    . . .     SeeInvis .   a - +0 short sword
rCold    . . .     Gourm    .   (no shield)
rNeg     . . .     Faith    .   b - +0 animal skin
rPois    .         Spirit   .   (helmet restricted)
rElec    .         Reflect  .   (no cloak)
rCorr    .         Harm     .   (no gloves)
MR       ++...     NoTele   +   (boots unavailable)
Stlth    ..........             (no amulet)
HPRegen  1.24/turn              (no ring)
MPRegen  0.12/turn              (no ring)

@: berserking, very slightly contaminated, regenerating, very quick
A: beak, talons 3, able to fly
a: Fly, Berserk, Trog's Hand, Renounce Religion


You were in the Dungeon.
You worshipped Trog.
Trog was most pleased with you.
You were near starving.

You visited 1 branch You collected 456 gold pieces.

Inventory:

Hand Weapons
 a - a +0 short sword (weapon)
Armour
 b - a +0 animal skin (worn)
Potions
 d - a potion of curing
 f - 2 potions of haste
 g - 2 potions of magic
Comestibles
 c - 2 rations
 h - 4 chunks of flesh


   Skills:
 + Level 7.7 Fighting
 + Level 8.4 Short Blades
 - Level 2.1 Armour
 + Level 8.1 Dodging
 + Level 16.2 Stealth


You had 8 spell levels left.
You didn't know any spells.
Your spell library was empty.

Dungeon Overview and Level Annotations

Branches:
Dungeon (1/1)

Altars:
Cheibriados
Dithmenos
Elyvilon
Fedhas
Gozag
Hepliaklqana
Kikubaaqudgha
Makhleb
Nemelex Xobeh
Okawaru
Qazlal
Ru
Sif Muna
Trog
Uskayaw
Vehumet
Wu Jian
Xom
Yredelemnul
Zin
The Shining One
Jiyva
Lugonu

Shops:
D %


Innate Abilities, Weirdness & Mutations

You have a beak for a mouth.
You have claws for feet.
You can fly continuously.


Message History

The deep troll bites you! The deep troll claws you!
* * * LOW HITPOINT WARNING * * *
The deep troll misses you.
You barely miss the deep troll. You claw the deep troll.
You peck the deep troll, but do no damage.
The deep troll is lightly wounded.
You hit the deep troll but do no damage.
The deep troll is lightly wounded.
The deep troll closely misses you. The deep troll misses you.
The deep troll barely misses you.
You puncture the deep troll! You claw the deep troll.
The deep troll is moderately wounded.
You puncture the deep troll! You claw the deep troll!
The deep troll is severely wounded.
You puncture the deep troll! Your kick misses the deep troll.
The deep troll is almost dead.
The deep troll bites you.
* * * LOW HITPOINT WARNING * * *
The deep troll claws you!!
You die...

.#.['..#.)'..#__#..+
.'..#.)'..#..'..'..#
.#####'#####'#__####
.####..#...#§####§(#
.#__####..##.#§≈§§§#
.#_____##'#_§§§§§§§+
⌠#_.∩..÷'..._#§§§§§#
##_..__##_.#'##+####
#_____###+#.#.(@.#
####### ####T### $$.
####


You could see a deep troll.

Vanquished Creatures
  2 centaur warriors (D)
  A slime creature (D)
  Sigmund (D)
  A yak (D)
  An ogre (D)
  A jelly (D)
  Ijyb (D)
8 creatures vanquished.

Vanquished Creatures (others)
  A gargoyle (D)
1 creature vanquished.

Grand Total: 9 creatures vanquished

Notes
Turn   | Place    | Note
-------+----------+-------------------------------------------
     0 | D        | Groucho the Tengu Berserker began the quest for the Orb.
     0 | D        | Reached XP level 1. HP: 14/14 MP: 2/2
     2 | D        | Noticed Ijyb
     8 | D        | Killed Ijyb
     8 | D        | Reached skill level 6 in Stealth
     8 | D        | Reached XP level 2. HP: 19/19 MP: 3/3
     8 | D        | Reached XP level 3. HP: 23/23 MP: 4/4
   250 | D        | Noticed an ogre
   254 | D        | Killed an ogre
   254 | D        | Reached skill level 9 in Stealth
   254 | D        | Reached XP level 4. HP: 28/28 MP: 5/5
   270 | D        | Noticed Sigmund
   272 | D        | Killed Sigmund
   272 | D        | Reached ** piety under Trog
   272 | D        | Reached skill level 13 in Stealth
   272 | D        | Gained mutation: You can fly continuously. [Tengu growth]
   272 | D        | Reached XP level 5. HP: 32/32 MP: 6/6
   272 | D        | Reached XP level 6. HP: 37/37 MP: 7/7
   285 | D        | Found an ornate altar of the Wu Jian Council.
   285 | D        | Found a shimmering blue altar of Sif Muna.
   287 | D        | Found a radiant altar of Vehumet.
   591 | D        | Found Meyqosex's Food Emporium.
   591 | D        | Found an ancient bone altar of Kikubaaqudgha.
   591 | D        | Found a hazy altar of Hepliaklqana.
   591 | D        | Found a stormy altar of Qazlal.
   591 | D        | Found a hide-covered altar of Uskayaw.
   591 | D        | Found a blossoming altar of Fedhas.
   591 | D        | Found a bloodstained altar of Trog.
   591 | D        | Found an iron altar of Okawaru.
   591 | D        | Found a basalt altar of Yredelemnul.
   591 | D        | Found a glowing golden altar of the Shining One.
   591 | D        | Found a snail-covered altar of Cheibriados.
   591 | D        | Found a sacrificial altar of Ru.
   591 | D        | Found a glowing silver altar of Zin.
   591 | D        | Found a shadowy altar of Dithmenos.
   591 | D        | Found a white marble altar of Elyvilon.
   591 | D        | Noticed a yak
   592 | D        | Found an opulent altar of Gozag.
   593 | D        | Killed a yak
   593 | D        | Reached skill level 14 in Stealth
   593 | D        | Reached XP level 7. HP: 41/41 MP: 8/8
   594 | D        | Found a sparkling altar of Nemelex Xobeh.
   607 | D        | Killed a gargoyle
   638 | D        | Found a burning altar of Makhleb.
   638 | D        | Found a shimmering altar of Xom.
   638 | D        | Noticed a slime creature
   639 | D        | Found a viscous altar of Jiyva.
   639 | D        | Found a corrupted altar of Lugonu.
   642 | D        | Killed a slime creature
   642 | D        | Reached *** piety under Trog
   642 | D        | Reached skill level 15 in Stealth
   664 | D        | Noticed a centaur warrior
   666 | D        | Noticed a centaur warrior
   667 | D        | Killed a centaur warrior
   667 | D        | Reached XP level 8. HP: 52/52 MP: 9/9
   668 | D        | Killed a centaur warrior
   668 | D        | Reached skill level 16 in Stealth
   668 | D        | Reached XP level 9. HP: 58/58 MP: 10/10
   691 | D        | Noticed a deep troll
   700 | D        | Slain by a deep troll

Levels and vault maps discovered:
D:        dungeon_sprint_1 [red_sonja_temple_1, red_sonja_temple_small_1]

Skill      XL: |  1  2  3  4  5  6  7  8 |
---------------+-------------------------+-----
Stealth        | 6 9 13 14 15 16 | 16.2
Fighting       | 6 7 |  7.7
Short Blades   | 7 8 |  8.4
Dodging        | 6 8 |  8.1
Armour         | |  2.1

Action                   |  1- 3 |  4- 6 |  7- 9 || total
-------------------------+-------+-------+-------++-------
Melee: Short sword       |     7 |     8 |    11 ||    26
       Kick              |     1 |     2 |     5 ||     8
       Peck              |     1 |     3 |     1 ||     5
Invok: Berserk           |       |     1 |     1 ||     2
       Trog's Hand       |       |       |     1 ||     1
 Abil: Fly               |       |       |     1 ||     1
       Stop Flying       |       |       |     1 ||     1
  Use: Potion            |     1 |     1 |       ||     2
       Scroll            |       |       |     1 ||     1
 Stab: Sleeping          |     1 |     2 |     3 ||     6
Dodge: Dodged            |     4 |     3 |    11 ||    18
